 Dungeon Crawl Stone Soup version 0.28.0 (webtiles) character file.

Game seed: 3778978994337387450

4 themarg the Caller (level 1, -3/13 HPs)
             Began as a Merfolk Summoner on Feb 11, 2022.
             Slain by a quokka (5 damage)
             ... on level 1 of the Dungeon.
             The game lasted 00:03:11 (448 turns).

themarg the Caller (Merfolk Summoner)                Turns: 448, Time: 00:03:11

Health: -3/13      AC:  2    Str:  8    XL:     1   Next: 70%
Magic:  1/3        EV: 12    Int: 14    God:
Gold:   20         SH:  0    Dex: 14    Spells: 3/4 levels left

rFire   . . .      SeeInvis .   c - +0 dagger
rCold   . . .      Faith    .   (no shield)
rNeg    . . .      Spirit   .   a - +0 robe
rPois   .          Reflect  .   (no helmet)
rElec   .          Harm     .   (no cloak)
rCorr   .          Rampage  .   (no gloves)
Will    .....                   (no boots)
Stlth   ++........              (no amulet)
HPRegen 0.04/turn               (no ring)
MPRegen 0.08/turn               (no ring)

@: no status effects
A: (nimble swimmer 2), mertail
a: no special abilities


You were on level 1 of the Dungeon.
You visited 1 branch of the dungeon, and saw 1 of its levels.

You collected 20 gold pieces.

Inventory:

Hand Weapons
 c - a +0 dagger (weapon)
Missiles
 b - 17 stones
Armour
 a - a +0 robe (worn)
Potions
 d - a potion of degeneration {unknown}
 e - a potion of curing {unknown}


   Skills:
 + Level 2.7 Dodging
 + Level 2.2 Stealth
 + Level 2.0 Spellcasting
 + Level 4.2 Summonings


You had 3 spell levels left.
You knew the following spells:

 Your Spells              Type           Power      Damage    Failure   Level
a - Summon Small Mammal   Summ           52%        N/A       4%          1

Your spell library contained the following spells:

 Spells                   Type           Power      Damage    Failure   Level
 Call Imp                 Summ           13%        N/A       6%          2
 Call Canine Familiar     Summ           13%        N/A       12%         3
 Summon Guardian Golem    Hex/Summ       7%         N/A       30%         3
 Summon Lightning Spire   Summ/Air       7%         N/A       69%         4


Dungeon Overview and Level Annotations

Branches:
Dungeon (1/15)

Altars:


Innate Abilities, Weirdness & Mutations

((You are very nimble when in or above water. (Stealth+, EV+, Speed+++)))
Your lower body shifts to a powerful aquatic tail in water.


Message History

The quokka bites you but does no damage.
Casting: Summon Small Mammal (safe; 4% risk of failure)
Confirm with . or Enter, or press ? or * to list all spells.
The quokka bites you. The quokka completely misses you.
Your rat barely misses the quokka.
You hit the quokka.
The quokka is moderately wounded.
The hobgoblin barely misses your rat. The quokka misses you.
Your rat closely misses the quokka.
You hit the quokka but do no damage. You punch the quokka, but do no damage.
The quokka is moderately wounded.
The quokka misses you. The hobgoblin closely misses your rat.
Your rat closely misses the quokka.
You hit the quokka but do no damage.
The quokka is moderately wounded.
The quokka closely misses you. The hobgoblin hits your rat.
The goblin hits your rat with a +0 club.
Your rat dies!
Your rat's corpse disappears in a puff of smoke!
The quokka bites you.
Casting: Summon Small Mammal (safe; 4% risk of failure)
Confirm with . or Enter, or press ? or * to list all spells.
The quokka barely misses you.
Your bat hits the quokka.
Your bat closely misses the hobgoblin.
The hobgoblin hits your bat.
Your bat dies!
Your bat's corpse disappears in a puff of smoke!
Casting: Summon Small Mammal (safe; 4% risk of failure)
Confirm with . or Enter, or press ? or * to list all spells.
You don't have enough magic to cast this spell.
The quokka barely misses you.
There is an open door here.
The quokka bites you. The quokka closely misses you.
Casting: Summon Small Mammal (safe; 4% risk of failure)
Confirm with . or Enter, or press ? or * to list all spells.
The quokka bites you.
* * * LOW HITPOINT WARNING * * *
The quokka bites you.
You die...

# ##.#.#.##...##.#.#
####..#.#.#.###.#.#.#
..ggg.g.#.###<#.#.#.#
....#.#.#.#.##'.#.#.#
###.#.#.#.##...##.#.#
# #...#.##.#####.##.#
###.##.##.....##.##
#..##g#######r##
##..##.gg.gr@##
...#######+# #.. # #
# # .. ..


You could see a quokka (ally target), 2 hobgoblins, 2 goblins and a friendly
quokka (summoned).

Vanquished Creatures
  A hobgoblin (D:1)
  A bat (D:1)
2 creatures vanquished.

Vanquished Creatures (collateral kills)
  A hobgoblin (D:1)
  A kobold (D:1)
2 creatures vanquished.

Vanquished Creatures (others)
  2 plants (D:1)
2 creatures vanquished.

Grand Total: 6 creatures vanquished

Notes
Turn   | Place    | Note
-------+----------+-------------------------------------------
     0 | D:1      | themarg the Merfolk Summoner began the quest for the Orb.
     0 | D:1      | Reached XP level 1. HP: 13/13 MP: 3/3
   448 | D:1      | Slain by a quokka

Illustrated notes

Levels and vault maps discovered:
D:1:      evilmike_arrival_rings, layout_rooms,
          shapermc_ecumenical_altar_acropolis, minivault_25

Action                   || total
-------------------------++-------
Melee: Dagger            ||    21
       Unarmed           ||     4
       Punch             ||     1
 Cast: Summon Small Mamm ||    12
 Stab: Distracted        ||     1
Armor: Robe              ||     7
Dodge: Dodged            ||    22
